 Dungeon Crawl Stone Soup version 0.17-a0-1830-g81820eb (webtiles) character file.

40 kae the Slasher (level 3, 0/24 HPs)
             Began as a High Elf Skald on Sept 13, 2015.
             Was an Initiate of Okawaru.
             Slain by a jackal (1 damage)
             ... on level 2 of the Dungeon.
             The game lasted 00:02:06 (2280 turns).

kae the Slasher (High Elf Skald)                    Turns: 2280, Time: 00:02:06

Health: 0/24       AC:  3    Str: 16      XL:     3   Next: 30%
Magic:  7/7        EV: 11    Int: 13 (15) God:    Okawaru [......]
Gold:   164        SH:  0    Dex: 16      Spells: 1 memorised, 5 levels left

rFire  . . .     SeeInvis .     a - +0 falchion
rCold  . . .     Clarity  .     b - +0 leather armour
rNeg   . . .     SustAt   .     (no shield)
rPois  .         Gourm    .     (no helmet)
rElec  .         Spirit   .     (no cloak)
rCorr  .         Warding  .     (no gloves)
rMut   .         Stasis   .     (no boots)
MR     .....                    (no amulet)
Stlth  +.........               (no ring)
                                (no ring)

@: mighty, not resistant to hostile enchantments, very unstealthy
A: no striking features
a: Renounce Religion


You were on level 2 of the Dungeon.
You worshipped Okawaru.
Okawaru was noncommittal.
You were very hungry.

You visited 1 branch of the dungeon, and saw 2 of its levels.

You collected 164 gold pieces.

Inventory:

Hand weapons
 a - a +0 falchion (weapon)
Armour
 b - a +0 leather armour (worn)
Magical devices
 p - a wand of magic darts (19)
Scrolls
 h - a scroll of immolation {unknown}
 i - 3 scrolls of identify {unknown}
 j - 2 scrolls of teleportation {unknown}
 k - a scroll of fog {unknown}
 l - a scroll of remove curse {unknown}
 m - a scroll of random uselessness {unknown}
 q - a scroll of recharging {unknown}
Potions
 o - 2 potions of agility {unknown}
Books
 c - a book of Battle

   Spells                             Type                      Level
   a - Infusion                       Charms                       1
   b - Shroud of Golubria             Charms/Translocation         2
   c - Song of Slaying                Charms                       2
   d - Spectral Weapon                Hexes/Charms                 3
   e - Regeneration                   Charms/Necromancy            3
Comestibles
 d - 4 bread rations
 f - 2 slices of pizza


   Skills:
 - Level 2.0 Fighting
 + Level 4.6 Long Blades
 - Level 0.8 Armour
 - Level 1.1 Dodging
 - Level 2.4 Spellcasting
 - Level 3.6 Charms


You had 5 spell levels left.
You knew the following spells:

 Your Spells              Type           Power        Failure   Level  Hunger
a - Infusion              Chrm           ##....       10%         1    #......


Dungeon Overview and Level Annotations

Branches:
Dungeon (2/15)

Altars:
Okawaru
Vehumet


Message History

You kill the jackal!
Okawaru accepts your kill.
A jackal comes into view.
You closely miss the jackal. The jackal completely misses you.
The jackal bites you.
* * * LOW HITPOINT WARNING * * *
The jackal barely misses you. The jackal misses you.
The jackal bites you but does no damage.
There is a stone staircase leading down here.
Drink which item? (? for menu, Esc to quit)
It was a potion of degeneration.
There was something very wrong with that liquid.
You feel dopey.
The jackal bites you but does no damage. x2
Drink which item? (? for menu, Esc to quit)
It was a potion of might.
You feel very mighty all of a sudden. The jackal bites you.
You die...

#..#.# ##..#.# ##.#.#
#..#.#
#..#.########..#.#
...............#(#
#....#.......#h#.#
##...#.#####w#.w.####
#..#.#.# #.#......#
...#.#.# #h#..h##.#
..##.#.# #.#.#@##.#
#.##.#.# #.#.#.##.#
#.##.#.# #.#.#.##.#
#.##.#.# #.#.#.##.#
#.##.#.# #<..#.##.#
#.##.#.# ..#.#.##.#
#.##.#.# ##.#.#.##.#
#.##.#.# ..#.#.##.#
#.##.#.# ..#
#.##.#############


You could see a worm and 2 jackals.

Vanquished Creatures
  A worm (D:2)
  4 giant geckos
  A giant cockroach (D:2)
  3 goblins
  4 hobgoblins
  2 jackals (D:2)
  5 kobolds
  A quokka (D:2)
  7 bats
  2 rats
30 creatures vanquished.

Notes
Turn   | Place    | Note
--------------------------------------------------------------
     0 | D:1      | kae the High Elf Skald began the quest for the Orb.
     0 | D:1      | Reached XP level 1. HP: 14/14 MP: 4/4
   580 | D:1      | Reached XP level 2. HP: 13/19 MP: 6/6
  1550 | D:2      | Reached skill level 4 in Long Blades
  1635 | D:2      | Found an iron altar of Okawaru.
  1644 | D:2      | Became a worshipper of Warmaster Okawaru
  1787 | D:2      | Reached XP level 3. HP: 17/24 MP: 1/7
  2050 | D:2      | Found a radiant altar of Vehumet.
  2275 | D:2      | HP: 1/24 [jackal (2)]
  2280 | D:2      | Slain by a jackal

Vault maps used:
D:1:      saegor_arrival_simple_f
D:2:      nicolae_overflow_crystal_walls, vehumet_crystals, first_bread

Action                   || total
-------------------------++-------
Melee: Falchion          ||   101
 Cast: Infusion          ||     3
  Use: Potion            ||     2
  Eat: Chunk             ||     3
